 Dungeon Crawl Stone Soup version 0.26-a0-639-g72c4674329 (webtiles) character file.

Game seed: 9835730382889728676

(classic levelgen) 1264 EnegeticOcto the Chopper (level 8, 48/73 HPs)
             Began as a Deep Dwarf Fighter on Sept 27, 2020.
             Quit the game in the Ecumenical Temple.
             The game lasted 00:01:46 (2487 turns).

EnegeticOcto the Chopper (Deep Dwarf Fighter)       Turns: 2487, Time: 00:01:46

Health: 48/73      AC: 15    Str: 23    XL:     8   Next: 27%
Magic:  1/1        EV:  5    Int:  8    God:
Gold:   278        SH: 10    Dex: 12    Spells: 7/7 levels left

rFire    . . .     SeeInvis .   a - +0 war axe
rCold    . . .     Faith    .   c - +0 kite shield
rNeg     . . .     Spirit   .   E - +0 plate armour
rPois    +         Reflect  .   p - +0 helmet
rElec    .         Harm     .   e - +0 cloak
rCorr    .         Rampage  .   (no gloves)
MR       +....                  (no boots)
Stlth    ..........             (no amulet)
HPRegen  0.00/turn              m - ring of poison resistance
MPRegen  0.07/turn              u - ring of flight

@: non-regenerating
A: damage resistance, heal wounds, sense surroundings 1, no regeneration
a: Heal Wounds, Evoke Flight


You were in the Ecumenical Temple.
You visited 2 branches of the dungeon, and saw 7 of its levels.

You collected 278 gold pieces.

Inventory:

Hand Weapons
 a - a +0 war axe (weapon)
Missiles
 w - 2 throwing nets (quivered)
Armour
 b - a +0 scale mail
 c - a +0 kite shield (worn)
 e - a +0 cloak (worn)
 p - a +0 helmet (worn)
 E - a +0 plate armour (worn)
Jewellery
 m - a ring of poison resistance (left hand)
 u - a ring of flight (right hand)
Wands
 v - a wand of polymorph (12)
 D - a wand of enslavement (12)
Scrolls
 g - a scroll of enchant armour {unknown}
 h - a scroll of teleportation {unknown}
 i - 4 scrolls of identify {unknown}
 k - a scroll of amnesia {unknown}
 q - 3 scrolls of random uselessness {unknown}
 t - a scroll of enchant weapon {unknown}
 y - a scroll of fog {unknown}
 A - 2 scrolls of immolation {unknown}
 B - a scroll of magic mapping {unknown}
Potions
 d - a potion of might {@q3}
 f - 2 potions of stabbing {unknown}
 j - a potion of flight {unknown}
 l - a potion of brilliance {unknown}
 n - a potion of curing {unknown}
 o - 2 potions of heal wounds {unknown}
 r - a potion of degeneration {unknown}
 s - 2 potions of mutation {unknown}
 x - 3 potions of lignification {unknown}
 z - 2 potions of berserk rage {unknown}
 C - a potion of resistance {@q6}


   Skills:
 + Level 4.9 Fighting
 * Level 7.2 Axes
 + Level 5.8 Armour
 + Level 5.9 Shields


You had 7 spell levels left.
You didn't know any spells.
Your spell library was empty.

Dungeon Overview and Level Annotations

Branches:
Dungeon (6/15)             Temple (1/1) D:6

Altars:
Ashenzari
Cheibriados
Dithmenos
Elyvilon
Gozag
Hepliaklqana
Nemelex Xobeh
Qazlal
Ru
Trog
Uskayaw
Vehumet
Wu Jian
Xom
Yredelemnul

Annotations:
D:6 1 exclusion, Blork the orc


Innate Abilities, Weirdness & Mutations

You are resistant to damage.
You can heal yourself by infusing magical energy.
You passively map a small area around you.
You do not regenerate.


Message History

D - a wand of enslavement (12)
You see here a bullfrog skeleton.
Found a stone staircase leading down.
There is a stone staircase leading down here.
You open the door.
Found a dagger.
You open the door.
Found 9 arrows.
Found a staircase to the Ecumenical Temple.
There is an open door here.
There is a staircase to the Ecumenical Temple here.
You open the door.
Found a stone staircase leading up.
There is an open door here.
There is a stone staircase leading up here.
There is an open door here.
As you open the door, it creaks loudly!
There is an open door here.
There is an open door here.
There is a stone staircase leading up here.
Partly explored, can't reach some places.
No target in view!
No target in view!
No target in view!
No target in view!
No target in view!
No target in view!
No target in view!
No target in view!
No target in view!
No target in view!
No target in view!
No target in view!
Partly explored, can't reach some places.
Partly explored, can't reach some places.
Partly explored, can't reach some places.
Partly explored, can't reach some places.
No target in view!
No target in view!
No target in view!
(D) Dungeon (T) Temple
Where to? (Enter - D:6, ? - help)
Okay, then.
You see here a plate armour.
You see here a plate armour.
You start removing your armour.
You continue taking off your +0 scale mail. x4
You finish taking off your +0 scale mail.
You start putting on your armour.
You continue putting on your plate armour. x5
You finish putting on your +0 plate armour.
(D) Dungeon (T) Temple
Where to? (Enter - D:6, ? - help)
You see here 13 stones.
You open the door.
There is an open door here.
There is a stone staircase leading down here.
There is an open door here.
There is a staircase to the Ecumenical Temple here.
You climb downwards.
Welcome to the Ecumenical Temple!
There is a staircase back to the Dungeon here.
You open the door.
There is an open door here.
You open the door.
Found a shattered altar of Ashenzari.
There is an open door here.
There is an open door here.
You open the door.
Found a shimmering altar of Xom.
There is an open door here.
There is an open door here.
You open the door.
Found a white marble altar of Elyvilon.
There is an open door here.
There is an open door here.
You open the door.
Found an opulent altar of Gozag.
There is an open door here.
There is an open door here.
You open the door.
Found a bloodstained altar of Trog.
There is an open door here.
There is an open door here.
You open the door.
Found a hide-covered altar of Uskayaw and a radiant altar of Vehumet.
There is an open door here.
There is an open door here.
You open the door.
Found a stormy altar of Qazlal.
There is an open door here.
There is an open door here.
As you open the door, it creaks loudly!
Found a snail-covered altar of Cheibriados.
There is an open door here.
Done exploring.
Done exploring.
Done exploring.
Search for what [Enter for "."]? mak Can't find anything matching that.
Are you sure you want to abandon this character and quit the game? (Confirm with "yes".)

##### ##...## #.....#
##### #.._..# ####
##...## #.....# ##...
#.....# ##...## #....
#.._@.# ###'### #.._.
#.....###.....###....
##...'#.........#'...
#####...........####
#.....###.....#
#######....#####....###
##...##....#+...'#....##
#.....#...##.....##...#.
#.._..'...##..<..##...'.


There were no monsters in sight!

Vanquished Creatures
  Duvessa (D:5)
  3 ogres
  2 bullfrogs (D:6)
  Dowan (D:5)
  2 scorpions (D:4)
  5 orc priests
  2 hounds
  An iguana (D:4)
  A centaur skeleton (D:4)
  An orc wizard (D:6)
  3 worker ants
  A killer bee zombie (D:5)
  2 hound zombies
  Robin (D:4)
  2 howler monkey zombies (D:6)
  5 gnolls
  3 adders
  2 shadow imps
  A white imp (D:6)
  An ufetubus (D:5)
  An ooze (D:6)
  An adder zombie (D:6)
  3 worms
  A dart slug (D:4)
  2 leopard geckos
  12 orcs
  2 giant cockroaches
  12 goblins
  6 hobgoblins
  A kobold (D:3)
  A bat (D:1)
  A frilled lizard (D:3)
  A jackal zombie (D:6)
  7 rats
91 creatures vanquished.

Notes
Turn   | Place    | Note
-------+----------+-------------------------------------------
     0 | D:1      | EnegeticOcto the Deep Dwarf Fighter began the quest for the
                  | Orb.
     0 | D:1      | Reached XP level 1. HP: 20/20 MP: 1/1
   116 | D:1      | Reached XP level 2. HP: 24/27 MP: 2/2
   272 | D:3      | Reached skill level 3 in Axes
   272 | D:3      | Reached XP level 3. HP: 13/33 MP: 3/3
   330 | D:3      | Reached XP level 4. HP: 42/42 MP: 3/3
   415 | D:4      | Reached skill level 4 in Axes
   418 | D:4      | Reached XP level 5. HP: 44/49 MP: 4/4
   454 | D:4      | Noticed an ogre
   467 | D:4      | Killed an ogre
   467 | D:4      | Reached XP level 6. HP: 39/57 MP: 3/3
   500 | D:4      | Found a shadowy altar of Dithmenos.
   502 | D:4      | Noticed Robin
   519 | D:4      | Killed Robin
   562 | D:4      | Reached skill level 5 in Axes
   705 | D:4      | Found a basalt altar of Yredelemnul.
   852 | D:4      | Reached XP level 7. HP: 56/64 MP: 4/4
   963 | D:5      | Entered Level 5 of the Dungeon
  1111 | D:5      | Found a sparkling altar of Nemelex Xobeh.
  1131 | D:5      | Noticed Dowan
  1132 | D:5      | Noticed Duvessa
  1150 | D:5      | Killed Duvessa
  1150 | D:5      | Reached skill level 5 in Armour
  1150 | D:5      | Reached skill level 5 in Shields
  1160 | D:5      | Killed Dowan
  1160 | D:5      | Reached skill level 6 in Axes
  1208 | D:5      | Found an ornate altar of the Wu Jian Council.
  1437 | D:5      | Got a twisted morningstar
  1438 | D:5      | Identified the +5 morningstar "Ciloy" {freeze, +Rage MP+9
                  | Int-3 Dex+4} (You found it on level 5 of the Dungeon)
  1479 | D:6      | Found a hazy altar of Hepliaklqana.
  1651 | D:6      | Reached XP level 8. HP: 37/73 MP: 1/1
  1695 | D:6      | Reached skill level 7 in Axes
  1929 | D:6      | Found a sacrificial altar of Ru.
  2100 | D:6      | Noticed Blork the orc
  2283 | D:6      | Found a staircase to the Ecumenical Temple.
  2379 | Temple   | Entered the Ecumenical Temple
  2487 | Temple   | Quit the game

Illustrated notes

Levels and vault maps discovered:
D:1:      lemuel_arrival_tunnels, layout_loops_ring, st_stairs_12
D:2:      cheibrodos_fertilizer, layout_rooms, uniq_terence
D:3:      layout_basic, lemuel_crystal_altar
D:4:      layout_basic, grunt_dithmenos_smoke, old_standard_altar, minivault_25,
          uniq_robin
D:5:      layout_rooms, nicolae_overflow_crystal_walls,
          nemelex_xobeh_ov_fountains_minmay, uniq_duvessa
D:6:      layout_loops_corners, kennysheep_mini_moat, tgw_sif,
          lemuel_doored_altar, temple_green, minmay_fractal_squares_diagonal_5
Temple:   nicolae_temple_figure_zero

Skill      XL: |  1  2  3  4  5  6  7  8 |
---------------+-------------------------+-----
Axes           | 3 4 5 6 7 |  7.2
Fighting       | 3 4 |  4.9
Armour         | 4 5 |  5.8
Shields        | 4 5 |  5.9

Action                   |  1- 3 |  4- 6 |  7- 9 || total
-------------------------+-------+-------+-------++-------
Melee: War axe           |    60 |    94 |   150 ||   304
 Abil: Heal Wounds       |     2 |     5 |    10 ||    17
Armor: Scale mail        |    23 |    37 |    60 ||   120
Dodge: Dodged            |     9 |    29 |    47 ||    85
Block: Kite shield       |    23 |    67 |    90 ||   180

Table legend: (Time is in decaauts)
 A = Elapsed time spent in this place.
 B = Non-inter-level travel time spent in this place.
 C = Inter-level travel time spent in this place.
 D = Time resting spent in this place.
 E = Time spent auto-exploring this place.
 F = Levels seen in this place.
 G = Mean time per level.
                   A        B        C        D        E       F      G
               +--------+--------+--------+--------+--------+-----+--------+
         Total |   2582 |   2461 |    121 |      0 |   1792 |   7 |  368.9 |
       Dungeon |   2474 |   2353 |    121 |      0 |   1685 |   6 |  412.3 |
        Temple |    107 |    107 |      0 |      0 |    107 |   1 |  107.0 |
               +--------+--------+--------+--------+--------+-----+--------+

Top non-repeatable levels by time:
     D:6: 941 daAuts
     D:4: 584 daAuts
     D:5: 510 daAuts
     D:3: 236 daAuts
     D:1: 135 daAuts
  Temple: 107 daAuts
     D:2: 66 daAuts
